[ PARTIDA AOE2 · #494271750 ]
UnrankedSicilianos vs Portuguese
Equipo del jugador · VICT
[ ANÁLISIS DE REPETICIÓN · EXTRAÍDO DE LA PARTIDA GRABADA ]
Feudal
21:15
Castillos
—
Imperial
—
| APM promedio | 39.5 |
| APM pico | 79 |
| eAPM promedio | 20.6 |
| Aldeanos / militares | 50 / 0 |
Foco
⚔️ 23.9% · 🌾 76.1%
Feudal
10:50
Castillos
—
Imperial
—
| APM promedio | 62.0 |
| APM pico | 118 |
| eAPM promedio | 33.2 |
| Aldeanos / militares | 46 / 0 |
Foco
⚔️ 40.5% · 🌾 59.5%
Mapa de la partida
Recursos iniciales + cada clic de construcción. Líneas = muros · curvas = relieve. ◆ oro · ⬟ piedra · ● bayas · ✦ reliquia · ◌ hueco del cierre
Tu base· Abierta — flanco sin cerrar
Base de No[☠]Fate· Abierta — hueco de 12t
Terreno inicial suavizado · ◌ = hueco del cierre detectado · pasá el cursor para detalles
Inputs por minuto
— gotFletching - - No[☠]Fate
Build order — gotFletching
105 acciones detectadas en el replay
| 0:00 | Crear | Villager (Male) |
| 0:00 | Crear | Villager (Male) |
| 0:02 | Construir | House |
| 0:02 | Construir | House |
| 0:06 | Crear | Villager (Male) |
| 0:18 | Crear | Villager (Male) |
| 1:37 | Crear | Villager (Male) |
| 2:22 | Crear | Villager (Male) |
| 2:23 | Crear | Villager (Male) |
| 2:24 | Crear | Villager (Male) |
| 2:38 | Crear | Villager (Male) |
| 2:52 | Construir | Lumber Camp |
| 3:41 | Construir | House |
| 4:00 | Crear | Villager (Male) |
| 4:04 | Crear | Villager (Male) |
| 4:11 | Crear | Villager (Male) |
| 4:14 | Crear | Villager (Male) |
| 5:20 | Construir | Mill |
| 5:26 | Construir | Mill |
| 5:32 | Construir | House |
| 5:35 | Construir | Palisade Wall |
| 5:37 | Crear | Villager (Male) |
| 5:42 | Crear | Villager (Male) |
| 5:47 | Crear | Villager (Male) |
| 5:55 | Crear | Villager (Male) |
| 6:48 | Construir | Palisade Wall |
| 6:49 | Construir | Palisade Wall |
| 6:52 | Crear | Villager (Male) |
| 7:08 | Construir | House |
| 7:13 | Crear | Villager (Male) |
| 7:18 | Crear | Villager (Male) |
| 7:50 | Investigar | Feudal Age |
| 8:03 | Investigar | Loom |
| 8:25 | Crear | Villager (Male) |
| 8:40 | Crear | Villager (Male) |
| 8:47 | Crear | Villager (Male) |
| 9:08 | Construir | Town Center |
| 9:38 | Crear | Villager (Male) |
| 9:57 | Investigar | Feudal Age |
| 10:01 | Crear | Villager (Male) |
| 10:17 | Crear | Villager (Male) |
| 10:42 | Crear | Villager (Male) |
| 10:49 | Investigar | Feudal Age |
| 10:52 | Crear | Villager (Male) |
| 10:54 | Construir | House |
| 11:08 | Crear | Villager (Male) |
| 11:11 | Crear | Villager (Male) |
| 11:31 | Crear | Villager (Male) |
| 11:50 | Construir | Palisade Wall |
| 11:51 | Construir | Palisade Wall |
| 11:56 | Crear | Villager (Male) |
| 12:03 | Construir | Palisade Wall |
| 12:05 | Crear | Villager (Male) |
| 12:54 | Crear | Villager (Male) |
| 13:04 | Crear | Villager (Male) |
| 14:27 | Construir | House |
| 14:47 | Construir | Lumber Camp |
| 15:01 | Crear | Villager (Male) |
| 15:05 | Crear | Villager (Male) |
| 15:07 | Crear | Villager (Male) |
| 15:14 | Crear | Villager (Male) |
| 15:17 | Crear | Villager (Male) |
| 15:25 | Construir | Palisade Wall |
| 15:45 | Crear | Villager (Male) |
| 15:54 | Construir | House |
| 16:27 | Construir | Farm |
| 16:28 | Construir | Farm |
| 16:29 | Construir | Farm |
| 16:30 | Construir | Farm |
| 16:31 | Construir | Farm |
| 17:44 | Construir | Town Center |
| 17:50 | Construir | Mill |
| 17:53 | Construir | Mill |
| 18:11 | Construir | Town Center |
| 18:16 | Construir | Town Center |
| 18:40 | Crear | Villager (Male) |
| 19:03 | Investigar | Feudal Age |
| 19:54 | Crear | Villager (Male) |
| 20:05 | Construir | Mining Camp |
| 21:09 | Construir | House |
| 21:15 | Edad | Edad Feudal |
| 21:21 | Construir | Mining Camp |
| 21:34 | Crear | Villager (Male) |
| 21:48 | Construir | House |
| 21:49 | Construir | Palisade Wall |
| 22:02 | Crear | Villager (Male) |
| 22:03 | Crear | Villager (Male) |
| 22:04 | Crear | Villager (Male) |
| 22:07 | Crear | Villager (Male) |
| 22:15 | Construir | Palisade Wall |
| 22:16 | Construir | Palisade Wall |
| 22:35 | Construir | Palisade Wall |
| 22:36 | Construir | Palisade Wall |
| 22:41 | Investigar | Double-Bit Axe |
| 23:00 | Construir | House |
| 23:06 | Crear | Villager (Male) |
| 23:13 | Construir | House |
| 23:16 | Construir | Donjon |
| 23:28 | Investigar | Stone Mining |
| 23:32 | Investigar | Horse Collar |
| 24:03 | Crear | Villager (Male) |
| 24:23 | Construir | Blacksmith |
| 24:28 | Construir | Blacksmith |
| 24:32 | Construir | Blacksmith |
| 24:51 | Construir | Donjon |
Build order — No[☠]Fate
87 acciones detectadas en el replay
| 0:00 | Crear | Villager (Male) |
| 0:00 | Crear | Villager (Male) |
| 0:02 | Construir | House |
| 0:02 | Crear | Villager (Male) |
| 0:02 | Construir | House |
| 0:03 | Crear | Villager (Male) |
| 1:23 | Crear | Villager (Male) |
| 1:23 | Crear | Villager (Male) |
| 1:23 | Crear | Villager (Male) |
| 1:58 | Construir | Mill |
| 2:00 | Crear | Villager (Male) |
| 2:18 | Crear | Villager (Male) |
| 2:48 | Crear | Villager (Male) |
| 3:08 | Crear | Villager (Male) |
| 3:29 | Crear | Villager (Male) |
| 3:38 | Crear | Villager (Male) |
| 3:38 | Crear | Villager (Male) |
| 3:42 | Construir | House |
| 4:06 | Crear | Villager (Male) |
| 4:07 | Crear | Villager (Male) |
| 4:28 | Crear | Villager (Male) |
| 4:28 | Crear | Villager (Male) |
| 4:29 | Crear | Villager (Male) |
| 4:47 | Crear | Villager (Male) |
| 4:58 | Crear | Villager (Male) |
| 5:03 | Crear | Villager (Male) |
| 5:20 | Crear | Villager (Male) |
| 5:23 | Construir | Lumber Camp |
| 5:33 | Crear | Villager (Male) |
| 5:33 | Crear | Villager (Male) |
| 5:49 | Construir | House |
| 5:53 | Crear | Villager (Male) |
| 6:15 | Construir | Palisade Wall |
| 6:29 | Construir | Palisade Wall |
| 6:31 | Construir | Palisade Wall |
| 7:04 | Construir | Palisade Wall |
| 7:37 | Construir | Mining Camp |
| 8:13 | Construir | Palisade Gate |
| 8:20 | Investigar | Loom |
| 8:21 | Investigar | Feudal Age |
| 8:24 | Construir | Palisade Wall |
| 8:25 | Construir | Palisade Wall |
| 8:32 | Construir | Palisade Wall |
| 8:47 | Construir | Palisade Wall |
| 9:07 | Construir | Palisade Wall |
| 10:23 | Construir | House |
| 10:25 | Construir | House |
| 10:34 | Construir | Palisade Wall |
| 10:50 | Edad | Edad Feudal |
| 10:56 | Crear | Villager (Male) |
| 10:59 | Construir | Watch Tower |
| 11:01 | Crear | Villager (Male) |
| 11:04 | Crear | Villager (Male) |
| 11:10 | Crear | Villager (Male) |
| 11:13 | Crear | Villager (Male) |
| 11:32 | Construir | Stone Wall |
| 11:48 | Crear | Villager (Male) |
| 12:16 | Crear | Villager (Male) |
| 13:28 | Crear | Villager (Male) |
| 13:33 | Crear | Villager (Male) |
| 13:48 | Construir | Stone Wall |
| 15:30 | Construir | Palisade Wall |
| 15:30 | Construir | Palisade Wall |
| 15:31 | Construir | Palisade Wall |
| 15:53 | Construir | Town Center |
| 16:39 | Construir | Town Center |
| 17:30 | Crear | Villager (Male) |
| 17:30 | Crear | Villager (Male) |
| 17:31 | Crear | Villager (Male) |
| 17:32 | Construir | House |
| 17:45 | Construir | Market |
| 18:00 | Construir | Mining Camp |
| 18:02 | Crear | Villager (Male) |
| 18:06 | Construir | Palisade Wall |
| 18:07 | Construir | Palisade Wall |
| 18:13 | Construir | Palisade Wall |
| 18:16 | Construir | Palisade Wall |
| 18:22 | Construir | Palisade Wall |
| 18:26 | Crear | Villager (Male) |
| 18:27 | Crear | Villager (Male) |
| 18:28 | Crear | Villager (Male) |
| 21:31 | Crear | Villager (Male) |
| 21:31 | Crear | Villager (Male) |
| 21:31 | Crear | Villager (Male) |
| 21:32 | Crear | Villager (Male) |
| 21:35 | Construir | House |
| 21:56 | Construir | House |
Cronología de la partida
| 5:35 | gotFletching · wall_segment Palisade Wall x9 |
| 6:15 | No[☠]Fate · wall_segment Palisade Wall x1 |
| 6:29 | No[☠]Fate · wall_segment Palisade Wall x1 |
| 6:31 | No[☠]Fate · wall_segment Palisade Wall x5 |
| 6:48 | gotFletching · wall_segment Palisade Wall x2 |
| 6:49 | gotFletching · wall_segment Palisade Wall x3 |
| 7:04 | No[☠]Fate · wall_segment Palisade Wall x6 |
| 8:24 | No[☠]Fate · wall_segment Palisade Wall x1 |
| 8:25 | No[☠]Fate · wall_segment Palisade Wall x1 |
| 8:32 | No[☠]Fate · wall_segment Palisade Wall x1 |
| 8:47 | No[☠]Fate · wall_segment Palisade Wall x1 |
| 9:07 | No[☠]Fate · wall_segment Palisade Wall x1 |
| 10:34 | No[☠]Fate · wall_segment Palisade Wall x4 |
| 10:50 | No[☠]Fate · age_up feudal |
| 11:32 | No[☠]Fate · wall_segment Stone Wall x1 |
| 11:50 | gotFletching · wall_segment Palisade Wall x1 |
| 11:51 | gotFletching · wall_segment Palisade Wall x1 |
| 12:03 | gotFletching · wall_segment Palisade Wall x1 |
| 13:48 | No[☠]Fate · wall_segment Stone Wall x1 |
| 15:25 | gotFletching · wall_segment Palisade Wall x1 |
| 15:30 | No[☠]Fate · wall_segment Palisade Wall x1 |
| 15:30 | No[☠]Fate · wall_segment Palisade Wall x1 |
| 15:31 | No[☠]Fate · wall_segment Palisade Wall x1 |
| 18:06 | No[☠]Fate · wall_segment Palisade Wall x1 |
| 18:07 | No[☠]Fate · wall_segment Palisade Wall x1 |
| 18:13 | No[☠]Fate · wall_segment Palisade Wall x1 |
| 18:16 | No[☠]Fate · wall_segment Palisade Wall x1 |
| 18:22 | No[☠]Fate · wall_segment Palisade Wall x1 |
| 20:47 | No[☠]Fate · first_market_buy 100 wood |
| 21:15 | gotFletching · age_up feudal |
| 21:49 | gotFletching · wall_segment Palisade Wall x1 |
| 22:15 | gotFletching · wall_segment Palisade Wall x1 |
| 22:16 | gotFletching · wall_segment Palisade Wall x1 |
| 22:35 | gotFletching · wall_segment Palisade Wall x1 |
| 22:36 | gotFletching · wall_segment Palisade Wall x1 |
| 23:12 | No[☠]Fate · first_market_sell 100 stone |
| 23:16 | gotFletching · first_building Donjon |
| 25:08 | No[☠]Fate · resign |
[ ANÁLISIS IA · 1 CRÉDITO ]
¿Qué pasó realmente en esta partida?
Wolo.gg analiza cada decisión: build order, eco, micro, errores típicos por bracket. Análisis personalizado por WhatsApp o Discord en 30 segundos.
Guía civ
Sicilianos
Perfil
Jugador #1826742